 Dungeon Crawl Stone Soup version 0.21.0 (webtiles) character file.

12952 NixNut the Cleaver (level 11, -6/156 HPs)
             Began as a Deep Dwarf Fighter on Jan 8, 2018.
             Was an Elder of Makhleb.
             Mangled by a very large slime creature (38 damage)
             ... on level 12 of the Dungeon.
             The game lasted 00:51:50 (8653 turns).

NixNut the Cleaver (Deep Dwarf Fighter)             Turns: 8653, Time: 00:51:51

Health: -6/156     AC: 25    Str: 28    XL:     11   Next: 69%
Magic:  0/14       EV:  2    Int: 14    God:    Makhleb [****..]
Gold:   482        SH: 14    Dex: 17    Spells: 10/10 levels left

rFire    + . .     SeeInvis .   a - +0 war axe
rCold    . . .     Gourm    .   O - +1 shield of the Hall of Blades {Dex+5}
rNeg     + + +     Faith    .   (armour currently unavailable)
rPois    +         Spirit   +   (helmet currently unavailable)
rElec    .         Reflect  .   (cloak currently unavailable)
rCorr    +         Harm     .   (gloves currently unavailable)
MR       +....     NoTele   +   (boots currently unavailable)
Stlth    +.........             r - amulet of guardian spirit
HPRegen  0.00/turn              B - ring of resist corrosion
MPRegen  0.14/turn              y - ring "Nyfutur" {rF+ Int+5 Stlth-}

@: mighty, tree-form, non-regenerating
A: damage resistance, heal wounds, sense surroundings 2, subdued magic 1, no
regeneration
a: Heal Wounds, Minor Destruction, Lesser Servant of Makhleb, Major Destruction,
Renounce Religion


You were on level 12 of the Dungeon.
You worshipped Makhleb.
Makhleb was greatly pleased with you.
You were hungry.
You were a tree.
You visited 1 branch of the dungeon, and saw 12 of its levels.

You collected 738 gold pieces.
You spent 256 gold pieces at shops.

Inventory:

Hand Weapons
 a - a +0 war axe (weapon)
 j - a +0 dagger of electrocution
 l - a +0 trident of flaming
Armour
 e - a +2 helmet (melded)
 x - a +2 pair of boots (melded)
 H - a +2 plate armour (melded)
 I - a scarf of resistance (melded)
 O - the +1 shield of the Hall of Blades (worn) {Dex+5}
   (You found it on level 11 of the Dungeon)

   It affects your dexterity (+5).
Jewellery
 k - a +5 ring of strength
 r - an amulet of guardian spirit (around neck)
 y - the ring "Nyfutur" (right branch) {rF+ Int+5 Stlth-}
   (You found it on level 5 of the Dungeon)

   [ring of loudness]

   It affects your intelligence (+5).
   It protects you from fire.
   It makes you less stealthy.
 B - a ring of resist corrosion (left branch)
 D - an uncursed ring of protection from cold
Wands
 u - a wand of paralysis (17)
 E - a wand of polymorph (16)
 F - a wand of digging (11)
Scrolls
 b - a scroll of fear {unknown}
 i - a scroll of remove curse
 m - a scroll of blinking
 n - 2 scrolls of teleportation
 p - a scroll of identify
 q - a scroll of amnesia
 v - a scroll of random uselessness
 w - 4 scrolls of magic mapping
 A - a scroll of fog
Potions
 d - a potion of might
 g - a potion of haste {unknown}
 h - a potion of mutation {unknown}
 s - 2 potions of lignification
 t - 2 potions of curing
 z - 2 potions of ambrosia {unknown}
 C - a potion of invisibility {unknown}
 G - 2 potions of cancellation {unknown}
 L - a potion of flight {unknown}
Books
 K - a book of Callings

   Spells                             Type                      Level
   a - Summon Small Mammal            Summoning                    1
   b - Call Imp                       Summoning                    2
   c - Call Canine Familiar           Summoning                    3
   d - Summon Guardian Golem          Hexes/Summoning              3
   e - Summon Lightning Spire         Summoning/Air                4
   f - Summon Ice Beast               Ice/Summoning                4
Comestibles
 f - 29 rations


   Skills:
 + Level 8.3 Fighting
 * Level 11.2 Axes
 + Level 8.4 Armour
 + Level 10.0 Shields
 - Level 10.0 Invocations


You had 10 spell levels left.
You didn't know any spells.

Dungeon Overview and Level Annotations

Branches:
Dungeon (12/15)            Temple (0/1) D:4            Lair (0/6) D:9
    Orc (0/2) D:11

Altars:
Ashenzari
Hepliaklqana
Kikubaaqudgha
Makhleb
Ru
Sif Muna
Uskayaw
Yredelemnul
The Shining One

Shops:
D:6 *   D:11 [

Annotations:
D:9 1 exclusion
D:11 exclusions: ice statue and 8 more exclusions


Innate Abilities, Weirdness & Mutations

You are resistant to damage.
You can heal yourself by infusing magical energy.
You passively map the area around you.
You do not regenerate.
Your spells are a little easier to cast, but a little less powerful.


Message History

The very large slime creature is moderately wounded.
You feel a little less mighty now.
The very large slime creature hits you but does no damage.
You slash the very large slime creature!
The very large slime creature is moderately wounded.
The very large slime creature hits you!!
* * * LOW HITPOINT WARNING * * *
You feel very mighty all of a sudden.
The very large slime creature hits you but does no damage.
You feel much better.
The very large slime creature barely misses you.
You feel much better.
The very large slime creature hits you!!!
* * * LOW HITPOINT WARNING * * *
You feel much better.
The very large slime creature hits you!!!
* * * LOW HITPOINT WARNING * * *
You feel much better.
The very large slime creature hits you!!!
You die...

##...####......
#.......'...... , ,
##...####......,
#..## **.....,,**
#..# ...., * ##.# ...
* #F# #+#* #J# #.#
#♣# #.# ####.###
##.##
#......######...##
#.##.#.#...#.....####
#.##.#......#<.......
#.##........##.#.####
#.####...........#
#.####.#...#######
#......#####


You could see a very large slime creature and a bullfrog.

Vanquished Creatures
  Gastronok (D:8)
  A deep troll earth mage (D:10)
  An ugly thing (D:12)
  Psyche (D:8)
  A centaur skeleton (D:10)
  2 hornets
  A slime creature (D:10)
  Prince Ribbit (D:8)
  A hippogriff (D:9)
  2 wraiths (D:11)
  A wyvern (D:11)
  2 shadows
  A hungry ghost (D:10)
  Grum (D:10)
  A porcupine (D:9)
  An eye of draining (D:11)
  3 ice beasts
  6 orc warriors
  A sky beast (D:8)
  A necrophage (D:9)
  10 ogres
  2 phantoms
  3 wolves (D:10)
  A crocodile (D:10)
  2 centaurs
  3 big kobolds
  2 bullfrogs
  2 gnoll sergeants
  A water moccasin zombie (D:7)
  A wyvern skeleton (D:12)
  4 scorpions
  6 killer bees (D:9)
  4 wights
  3 howler monkeys (D:8)
  3 crimson imps
  A bullfrog zombie (D:5)
  Crazy Yiuf (D:5)
  6 hounds
  3 orc priests
  13 orc wizards
  2 jellies
  6 bullfrog skeletons
  An iguana (D:10)
  13 worker ants
  A hound zombie (D:10)
  A hound skeleton (D:10)
  2 worker ant zombies
  A howler monkey zombie (D:10)
  14 gnolls
  13 adders
  4 shadow imps
  3 oozes (D:4)
  4 worms
  2 dart slugs
  6 leopard geckos
  22 orcs
  10 giant cockroaches
  36 goblins
  19 hobgoblins
  8 jackals
  19 kobolds
  3 quokkas
  8 bats
  4 frilled lizards
  A quokka skeleton (D:4)
  8 rats
  3 fungi (D:9)
  A plant (D:9)
316 creatures vanquished.

Vanquished Creatures (collateral kills)
  Erica (D:10)
  3 two-headed ogres
  A hornet (D:10)
  A troll (D:11)
  A yak (D:9)
  A steam dragon (D:10)
  2 porcupines (D:9)
  2 orc warriors
  2 sky beasts
  An ice beast (D:8)
  3 ogres
  2 black bears (D:9)
  5 big kobolds (D:11)
  A gnoll sergeant (D:11)
  2 bullfrogs
  A scorpion (D:9)
  2 crimson imps
  An orc wizard (D:10)
  A centaur skeleton (D:9)
  A gnoll (D:11)
  An adder (D:10)
  8 orcs
  8 fungi (D:9)
  2 plants (D:9)
53 creatures vanquished.

Vanquished Creatures (others)
  A fungus (D:9)
1 creature vanquished.

Grand Total: 370 creatures vanquished

Notes
Turn   | Place    | Note
-------+----------+-------------------------------------------
     0 | D:1      | NixNut the Deep Dwarf Fighter began the quest for the Orb.
     0 | D:1      | Reached XP level 1. HP: 20/20 MP: 1/1
   343 | D:1      | Reached XP level 2. HP: 24/27 MP: 2/2
   358 | D:1      | Found a shattered altar of Ashenzari.
   604 | D:1      | Reached skill level 3 in Axes
   604 | D:1      | Reached XP level 3. HP: 34/34 MP: 3/3
   833 | D:2      | Reached XP level 4. HP: 33/42 MP: 4/4
   872 | D:2      | Found a burning altar of Makhleb.
   877 | D:2      | Became a worshipper of Makhleb the Destroyer
  1297 | D:3      | Found a deep blue altar of Sif Muna.
  1454 | D:3      | Reached * piety under Makhleb
  1697 | D:3      | Reached skill level 4 in Axes
  1697 | D:3      | Reached skill level 1 in Invocations
  1776 | D:3      | Reached XP level 5. HP: 30/49 MP: 0/5
  1817 | D:3      | Reached ** piety under Makhleb
  2010 | D:3      | Reached XP level 6. HP: 41/57 MP: 0/7
  2013 | D:3      | Reached *** piety under Makhleb
  2311 | D:4      | Reached skill level 5 in Axes
  2312 | D:4      | Found a staircase to the Ecumenical Temple.
  2497 | D:4      | Reached skill level 5 in Shields
  2625 | D:4      | Reached XP level 7. HP: 41/64 MP: 0/8
  3067 | D:5      | Entered Level 5 of the Dungeon
  3090 | D:5      | Reached skill level 6 in Axes
  3112 | D:5      | Found an ancient bone altar of Kikubaaqudgha.
  3211 | D:5      | Found a glowing golden altar of the Shining One.
  3345 | D:5      | Reached XP level 8. HP: 43/73 MP: 0/10
  3419 | D:5      | Reached skill level 7 in Axes
  3428 | D:5      | Got a flickering lapis lazuli ring
  3496 | D:5      | Reached skill level 5 in Invocations
  3542 | D:5      | Found a runed door.
  3546 | D:5      | Noticed Crazy Yiuf
  3551 | D:5      | Killed Crazy Yiuf
  3551 | D:5      | Reached skill level 5 in Fighting
  3599 | D:5      | Found a basalt altar of Yredelemnul.
  3641 | D:5      | Found a hide-covered altar of Uskayaw.
  3743 | D:6      | Found a hazy altar of Hepliaklqana.
  3747 | D:6      | Identified the ring "Nyfutur" {rF+ Int+5 Stlth-} (You found it on level 5 of the Dungeon)
  3780 | D:6      | Found a sacrificial altar of Ru.
  4078 | D:6      | Found Omejek's Assorted Antiques.
  4086 | D:6      | Bought a transparent buckler for 256 gold pieces
  4096 | D:6      | Identified the +3 buckler "Vuustrua" {Stlth+} (You bought it in a shop on level 6 of the Dungeon)
  4430 | D:7      | Reached skill level 8 in Axes
  4469 | D:7      | Reached **** piety under Makhleb
  4570 | D:7      | Gained mutation: You passively map the area around you. [Deep Dwarf growth]
  4570 | D:7      | Reached XP level 9. HP: 50/81 MP: 0/11
  5021 | D:7      | Noticed a two-headed ogre
  5105 | D:8      | Noticed Gastronok
  5138 | D:8      | Killed Gastronok
  5138 | D:8      | Reached skill level 5 in Armour
  5174 | D:8      | Noticed a two-headed ogre
  5180 | D:8      | Reached skill level 9 in Axes
  5186 | D:8      | Killed a two-headed ogre
  5213 | D:8      | Reached XP level 10. HP: 57/92 MP: 0/13
  5276 | D:8      | Noticed Psyche
  5304 | D:8      | Gained mutation: Your spells are a little easier to cast, but a little less powerful. [mutagenic glow]
  5308 | D:8      | Killed Psyche
  5447 | D:8      | Noticed a two-headed ogre
  5459 | D:8      | Killed a two-headed ogre
  5977 | D:8      | Noticed Prince Ribbit
  5984 | D:8      | Killed Prince Ribbit
  6208 | D:9      | Noticed a two-headed ogre
  6216 | D:9      | Killed a two-headed ogre
  6254 | D:9      | Found a staircase to the Lair.
  6652 | D:9      | Noticed a two-headed ogre
  6673 | D:10     | Entered Level 10 of the Dungeon
  6731 | D:10     | Reached skill level 10 in Axes
  6734 | D:10     | Noticed Grum
  6774 | D:10     | Killed Grum
  6774 | D:10     | Reached XP level 11. HP: 54/100 MP: 0/14
  6970 | D:10     | Noticed Erica
  6980 | D:10     | Killed Erica
  7345 | D:10     | Reached ***** piety under Makhleb
  7436 | D:10     | Noticed a deep troll earth mage
  7441 | D:10     | Killed a deep troll earth mage
  7441 | D:10     | Reached skill level 10 in Invocations
  7878 | D:11     | Noticed a two-headed ogre
  7924 | D:11     | Got a faintly humming shield
  7935 | D:11     | Identified the +1 shield of the Hall of Blades {Dex+5} (You found it on level 11 of the Dungeon)
  8005 | D:11     | Found a staircase to the Orcish Mines.
  8154 | D:11     | Found a burning altar of Makhleb.
  8211 | D:11     | Reached skill level 11 in Axes
  8221 | D:11     | Found Kubaorank's Armour Shoppe.
  8554 | D:12     | Noticed a purple ugly thing
  8638 | D:12     | Killed a white ugly thing
  8638 | D:12     | Reached skill level 10 in Shields
  8653 | D:12     | Mangled by a very large slime creature

Skill      XL: |  1  2  3  4  5  6  7  8  9 10 11 |
---------------+----------------------------------+-----
Fighting       | 3 4 5 6 7 8 |  8.3
Axes           | 3 4 5 6 8 9 10 11 | 11.2
Shields        | 4 5 6 8 9 10 | 10.0
Invocations    | 1 2 3 4 6 7 9 10 | 10.0
Armour         | 4 5 7 8 |  8.4

Action                   |  1- 3 |  4- 6 |  7- 9 | 10-12 || total
-------------------------+-------+-------+-------+-------++-------
Melee: War axe           |    19 |    70 |   279 |   601 ||   969
       Dagger            |   126 |   204 |       |       ||   330
       Trident           |       |    31 |       |       ||    31
Throw: Throwing net      |       |       |     3 |     2 ||     5
Invok: Minor Destruction |       |       |     3 |       ||     3
       Lesser Servant of |       |       |     5 |    14 ||    19
 Abil: Heal Wounds       |     1 |     4 |     2 |     7 ||    14
  Use: Scroll            |     1 |     2 |     9 |     7 ||    19
       Potion            |       |     1 |     2 |    13 ||    16
 Stab: Invisible         |       |       |       |     4 ||     4
       Distracted        |       |       |       |     2 ||     2
       Held in net/web   |       |       |       |     1 ||     1
  Eat: Chunk             |       |     6 |     9 |    17 ||    32
Armor: Scale mail        |    65 |   164 |    54 |       ||   283
       Plate armour      |       |       |    58 |   373 ||   431
       Skin              |       |       |       |     7 ||     7
Dodge: Dodged            |    47 |   115 |    81 |   137 ||   380
Block: Shield            |    95 |   225 |    86 |   290 ||   696
       Buckler           |       |       |    42 |    74 ||   116
